 Dungeon Crawl Stone Soup version 0.26.0-10-g1f06aea511 (webtiles) character file.

Game seed: 5397145726587117109

0 CurlyBrace the Grasshopper (level 1, -2/9 HPs)
             Began as a Felid Warper on Jan 14, 2021.
             Slain by a jackal (3 damage)
             ... on level 4 of the Dungeon.
             The game lasted 00:02:44 (164 turns).

CurlyBrace the Grasshopper (Felid Warper)            Turns: 164, Time: 00:02:44

Health: -2/9       AC:  1    Str:  7    XL:     1   Next: 8%
Magic:  4/4        EV: 18    Int: 14    God:
Gold:   26         SH:  0    Dex: 15    Spells: 4/4 levels left
                                        Lives:  0   Deaths: 0

rFire    . . .     SeeInvis +     - Unarmed
rCold    . . .     Faith    .   (shield unavailable)
rNeg     . . .     Spirit   .   (armour unavailable)
rPois    .         Reflect  .   (helmet unavailable)
rElec    .         Harm     .   (cloak unavailable)
rCorr    .         Rampage  .   (gloves unavailable)
Will     .....                  (boots unavailable)
Stlth    ++........             a - amulet of the acrobat
HPRegen  0.03/turn              (no ring)
MPRegen  0.09/turn              (no ring)

@: quick
A: very small, no armour, no weapons or thrown items, stealth, claws 1, fangs 3,
see invisible, speed 1, shaggy fur 1, sharp paws
a: no special abilities


You were on level 4 of the Dungeon.
You visited 1 branch of the dungeon, and saw 4 of its levels.

You collected 26 gold pieces.

Inventory:

Jewellery
 a - an amulet of the acrobat (around neck)
   (You found it on level 3 of the Dungeon)
Scrolls
 r - a scroll of identify


   Skills:
 - Level 2.0 Fighting
 - Level 3.2 Dodging
 + Level 0.2 Stealth
 + Level 2.0 Unarmed Combat
 - Level 2.0 Spellcasting
 - Level 4.4 Translocations


You had 4 spell levels left.
You didn't know any spells.
Your spell library contained the following spells:

 Spells                   Type           Power        Failure   Level
 Blink                    Tloc           N/A          6%          2
 Gell's Gravitas          Tloc           6%           12%         3
 Lesser Beckoning         Tloc           6%           12%         3
 Teleport Other           Tloc           13%          12%         3
 Passage of Golubria      Tloc           N/A          36%         4


Dungeon Overview and Level Annotations

Branches:
Dungeon (4/15)
 Temple: D:4-7

Altars:
Qazlal

Annotations:
D:3 1 runed translucent door
D:4 Ijyb, Sigmund


Innate Abilities, Weirdness & Mutations

You cannot wear armour.
You are incapable of wielding weapons or throwing items.
Your paws allow you to move quietly. (Stealth)
You have sharp claws.
You have razor-sharp teeth.
You have supernaturally acute eyesight. (SInv)
You cover ground quickly.
You are covered in fur. (AC +1)
Your sharp claws are effective at attacking unaware monsters.


Message History

You feel yourself slow down.
Ijyb the Twisted Goblin comes into view.
She is carrying a wand of digging (4).
Your surroundings suddenly seem different.
The jackal barks! x2
Okay, then.
Unknown command.
You aren't carrying any potions.
The jackal misses you. The jackal completely misses you.
A frilled lizard comes into view.
Found a scroll labelled XUOLUV OCLI.
The frilled lizard hisses angrily.
The frilled lizard completely misses you.
You barely miss the frilled lizard.
You bite the frilled lizard, but do no damage.
The jackal misses you. The frilled lizard bites you.
* * * LOW HITPOINT WARNING * * *
The jackal closely misses you.
You barely miss the frilled lizard. The jackal bites you.
You die...

.# #####..##
#####h@l..?.#
#####....h####..#
#######.....#####
........##..#####
....#####.......####
...## #..h.......##
#### ##............
# #............. ##
#...<......h..


You could see 2 jackals and a frilled lizard.

Vanquished Creatures
  A frilled lizard (D:3)
1 creature vanquished.

Notes
Turn   | Place    | Note
-------+----------+-------------------------------------------
     0 | D:1      | CurlyBrace the Felid Warper began the quest for the Orb.
     0 | D:1      | Reached XP level 1. HP: 9/9 MP: 4/4
    25 | D:2      | Found a stormy altar of Qazlal.
    28 | D:2      | You fall into a shaft and drop 2 floors!
    60 | D:3      | Noticed an orc wizard
    61 | D:3      | Noticed an orc wizard
    75 | D:3      | Found a runed translucent door.
    75 | D:3      | Noticed a bullfrog
    82 | D:4      | Noticed Sigmund
   140 | D:4      | Noticed Ijyb
   164 | D:4      | Slain by a jackal

Illustrated notes

Levels and vault maps discovered:
D:1:      minmay_arrival_five_plusses, layout_rooms
D:2:      layout_basic, grunt_qazlal_sundering
D:3:      layout_rooms, ebering_ghost_sewer_d, uniq_crazy_yiuf_cottage,
          uniq_jessica
D:4:      layout_cave_pods, lemuel_coloured_pillars_altar, uniq_sigmund,
          uniq_ijyb

Action                   || total
-------------------------++-------
Melee: Unarmed           ||     6
       Bite              ||     1
  Use: Scroll            ||     4
       Potion            ||     1
Armor: Skin              ||     2
Dodge: Dodged            ||    11
